 Dungeon Crawl Stone Soup version 0.31-a0-239-g0a1456f148 (webtiles) character file.

Game seed: 2522590700388281458

4855 qw the Skirmisher (level 10, -9/88 HPs)
             Began as a Minotaur Hexslinger on July 11, 2023.
             Was a Follower of Okawaru.
             Mangled by a boulder beetle (19 damage)
             ... on level 1 of the Lair of Beasts.
             The game lasted 00:02:55 (7504 turns).

qw the Skirmisher (Minotaur Hexslinger)             Turns: 7504, Time: 00:02:56

Health: -9/88      AC: 18    Str: 15    XL:     10   Next: 25%
Magic:  12/12      EV: 16    Int: 10    God:    Okawaru [*.....]
Gold:   485        SH:  0    Dex: 18    Spells: 10/11 levels left

rFire   x . .        l - +1 sling
rCold   + . .        (no shield)
rNeg    . . .        q - +3 ring mail
rPois   +            p - +2 hat
rElec   .            (no cloak)
rCorr   .            e - +0 pair of gloves
SInv    +            s - +0 pair of boots
Will    .....        (no amulet)
Stlth   ++           h - ring of the Antique God {rPois rF- rC+ Str+3 SInv}
HPRegen 0.34/turn    n - +4 ring of protection
MPRegen 0.13/turn

%: no passive effects
@: about to teleport, heroic
A: horns 2, retaliatory headbutt
a: Renounce Religion, Heroism


You were on level 1 of the Lair of Beasts.
You worshipped Okawaru.
Okawaru was aware of your devotion.
You visited 3 branches of the dungeon, and saw 10 of its levels.

You collected 548 gold pieces.
You spent 63 gold pieces at shops.


Innate Abilities, Weirdness & Mutations

You have a pair of horns on your head.
You reflexively headbutt those who attack you in melee.


   Skills:
 - Level 8.0(13.0) Fighting
 + Level 12.7(17.7) Ranged Weapons
 - Level 4.3(9.3) Armour
 - Level 5.2(10.2) Dodging
 - Level 1.0 Spellcasting
 - Level 2.0 Hexes
 - Level 4.0 Invocations


You had 10 spell levels left.
You knew the following spells:

 Your Spells              Type           Power      Damage    Failure   Level
a - Slow                  Hex            16%        N/A       26%         1

Your spell library contained the following spells:

 Spells                   Type           Power      Damage    Failure   Level
 Inner Flame              Hex/Fire       2%         N/A       75%         3
 Portal Projectile        Hex/Tloc       4%         N/A       75%         3
 Cause Fear               Hex            2%         N/A       95%         4

Inventory:

Hand Weapons
 l - a +1 sling (weapon)
 o - the +7 longbow "Ytuec" {antimagic, Str+3}
   (You found it on level 4 of the Dungeon)

   Str:       It affects your strength (+3).
Armour
 e - a +0 pair of gloves (worn)
 p - a +2 hat (worn)
 q - a +3 ring mail (worn)
 s - a +0 pair of boots (worn)
Jewellery
 g - a ring of willpower
 h - the ring of the Antique God (left hand) {rPois rF- rC+ Str+3 SInv}
   (You found it on level 7 of the Dungeon)

   [ring of protection from cold]

   Str:       It affects your strength (+3).
   rF:        It makes you vulnerable to fire.
   rC:        It protects you from cold.
   rPois:     It protects you from poison.
   SInv:      It lets you see invisible.
 n - a +4 ring of protection (right hand)
 r - a ring of protection from fire
Scrolls
 a - 9 scrolls of identify
 j - a scroll of teleportation
Potions
 c - a potion of mutation
 d - a potion of cancellation
 f - a potion of might
 i - 2 potions of curing
 m - a potion of enlightenment

Dungeon Overview and Level Annotations

Branches:
Dungeon (8/15)             Temple (1/1) D:7            Lair (1/5) D:8

Altars:
Ashenzari
Cheibriados
Dithmenos
Elyvilon
Fedhas
Gozag
Hepliaklqana
Kikubaaqudgha
Makhleb
Nemelex Xobeh
Okawaru
Qazlal
Ru
Sif Muna
Trog
Uskayaw
Vehumet
Wu Jian
Xom
Yredelemnul
Zin

Shops:
D:1 =   D:8 [

Annotations:
D:8 3 runed translucent doors, qw's ghost, novice GrHs


Message History

The sling bullet hits the boulder beetle but does no damage.
The boulder beetle is heavily wounded.
The boulder beetle leaps!
You start resting.
A boulder beetle is nearby!
You shoot a sling bullet.
The sling bullet hits the boulder beetle but does no damage.
The boulder beetle is heavily wounded.
The boulder beetle leaps!
You start resting.
A boulder beetle is nearby!
You shoot a sling bullet.
The sling bullet hits the boulder beetle!
The boulder beetle is severely wounded.
You shoot a sling bullet.
The sling bullet hits the boulder beetle but does no damage.
The boulder beetle is severely wounded.
The boulder beetle curls into a ball and begins rolling!
You shoot a sling bullet.
The sling bullet hits the boulder beetle but does no damage.
The boulder beetle is severely wounded.
You shoot a sling bullet.
The sling bullet hits the boulder beetle.
The boulder beetle is severely wounded.
You shoot a sling bullet.
The sling bullet hits the boulder beetle but does no damage.
The boulder beetle is severely wounded.
You shoot a sling bullet.
The sling bullet hits the boulder beetle but does no damage.
The boulder beetle is severely wounded.
You shoot a sling bullet.
The sling bullet hits the boulder beetle.
The boulder beetle is severely wounded.
The boulder beetle hits you!!
The boulder beetle stops rolling and uncurls.
7504 ||| READING 2 scrolls of teleportation.
As you read the scroll of teleportation, it crumbles to dust.
You feel strangely unstable. The boulder beetle bites you!!
You die...

#+# #.# ..####### ..#
#........# ##.#
#........## P.#
#.........# #.##
P.........#####@B###
+......(.'%......0.#
..........###P#..#.....
#......~..#####.## .~.~
#.....P~77.# #.. .~.
#####+P~~7P# #... ._
#..#.P~## ##.~. .
#...#### ##~.
#####..#### ...


You could see a boulder beetle.

Vanquished Creatures
  A two-headed ogre (D:8)
  Amaemon (D:8)
  An orange demon (D:8)
  2 wyverns
  Eustachio (D:6)
  3 yaks (D:8)
  2 steam dragons (D:7)
  2 water moccasins (D:6)
  A sky beast (D:4)
  A black bear (D:3)
  2 ogres
  2 phantoms
  Blork the orc (D:4)
  3 bullfrogs
  6 scorpions
  2 hounds
  2 jellies
  3 orc priests
  3 sleepcaps
  6 iguanas
  6 orc wizards
  11 gnolls
  8 adders
  A white imp (D:5)
  A worm (D:2)
  2 dart slugs (D:4)
  33 orcs
  3 ball pythons
  6 endoplasms
  4 giant cockroaches
  9 goblins
  9 hobgoblins
  7 jackals
  4 quokkas
  4 bats
  3 frilled lizards
  20 kobolds
  6 rats
182 creatures vanquished.

Notes
Turn   | Place    | Note
-------+----------+-------------------------------------------
     0 | D:1      | qw the Minotaur Hexslinger began the quest for the Orb.
     0 | D:1      | Reached XP level 1. HP: 16/16 MP: 1/1
     0 | D:1      | 0 ||| qw: Version: 0.3-a-52-g30416fa
     0 | D:1      | 0 ||| qw: Game counter: 5899
     0 | D:1      | 0 ||| qw: Melee chars always use a shield: true
     0 | D:1      | 0 ||| qw: God list: Okawaru
     0 | D:1      | 0 ||| qw: Allow faded altars: false
     0 | D:1      | 0 ||| qw: Do Orc after clearing Dungeon:15 true
     0 | D:1      | 0 ||| qw: Do second Lair branch before Depths: true
     0 | D:1      | 0 ||| qw: Lair rune preference: random
     0 | D:1      | 0 ||| qw: Goals: Normal
     0 | D:1      | 0 ||| PLANNING D:1-11
   113 | D:1      | Reached skill level 3 in Ranged Weapons
   118 | D:1      | Reached XP level 2. HP: 20/23 MP: 2/2
   330 | D:1      | Reached XP level 3. HP: 27/29 MP: 3/3
   376 | D:1      | Found Zifati Rihu's Jewellery Shoppe.
   388 | D:1      | 388 ||| SHOPLISTING +4 ring of protection (432 gold, have
                  | 54).
   388 | D:1      | 388 ||| SHOPLISTING ring "Piunue" {Will++ rCorr} (492 gold,
                  | have 54).
   388 | D:1      | 388 ||| SHOPLISTING ring "Surono" {Str+6 Int+3} (591 gold,
                  | have 54).
   388 | D:1      | 388 ||| SHOPLISTING ring of Youthful Indiscretion {Fire
                  | Dex+3} (459 gold, have 54).
   388 | D:1      | 388 ||| SHOPLISTING ring of positive energy (240 gold, have
                  | 54).
   388 | D:1      | 388 ||| SHOPLISTING ring of protection from fire (300 gold,
                  | have 54).
   388 | D:1      | 388 ||| SHOPLISTING ring of see invisible (180 gold, have
                  | 54).
   388 | D:1      | 388 ||| SHOPLISTING ring of the Glamorous God {rC- Will+
                  | Str+2 Slay+5 Stlth+} (636 gold, have 54).
   630 | D:1      | 630 ||| UPGRADING to +0 ring mail.
   640 | D:1      | 640 ||| DROPPING +0 robe.
   641 | D:1      | 641 ||| READING 2 scrolls labelled QEIPOE OZXYNG.
   642 | D:1      | 642 ||| READING scroll labelled BACAANN ODDYDIO.
   643 | D:1      | 643 ||| READING 2 scrolls labelled ITSETT GAITS.
   648 | D:1      | 648 ||| DROPPING scroll of poison.
   991 | D:2      | Reached skill level 4 in Ranged Weapons
  1023 | D:2      | Reached skill level 1 in Armour
  1476 | D:2      | 1476 ||| READING scroll labelled UFEOBB SOAL.
  1477 | D:2      | 1477 ||| READING scroll labelled BOSINYCAIR.
  1478 | D:2      | 1478 ||| READING 4 scrolls of identify.
  1478 | D:2      | 1478 ||| IDENTIFYING sedimented purple potion
  1479 | D:2      | 1479 ||| READING 3 scrolls of identify.
  1479 | D:2      | 1479 ||| IDENTIFYING glowing green potion
  1480 | D:2      | 1480 ||| READING 2 scrolls of identify.
  1480 | D:2      | 1480 ||| IDENTIFYING cyan potion
  1481 | D:2      | 1481 ||| DROPPING potion of attraction.
  1693 | D:3      | Reached XP level 4. HP: 36/36 MP: 4/4
  1866 | D:3      | Noticed a phantom
  1874 | D:3      | Killed a phantom
  1875 | D:3      | Reached skill level 5 in Ranged Weapons
  1875 | D:3      | Reached XP level 5. HP: 29/41 MP: 5/5
  2097 | D:3      | Noticed a black bear
  2107 | D:3      | Killed a black bear
  2246 | D:3      | Found a sparkling altar of Nemelex Xobeh.
  2257 | D:3      | Found a radiant altar of Vehumet.
  2257 | D:3      | Found a stormy altar of Qazlal.
  2257 | D:3      | Found an ornate altar of the Wu Jian Council.
  2257 | D:3      | Found a shimmering altar of Xom.
  2259 | D:3      | Found a hazy altar of Hepliaklqana.
  2326 | D:3      | Found a sacrificial altar of Ru.
  2328 | D:3      | Found a snail-covered altar of Cheibriados.
  2329 | D:3      | Found a hide-covered altar of Uskayaw.
  2515 | D:3      | 2515 ||| UPGRADING to amulet of guardian spirit.
  2520 | D:3      | 2520 ||| READING scroll labelled WYGUON PURR.
  2588 | D:3      | 2588 ||| READING 2 scrolls of identify.
  2588 | D:3      | 2588 ||| IDENTIFYING bubbling grey potion
  2648 | D:4      | Reached XP level 6. HP: 47/52 MP: 4/6
  2815 | D:4      | Reached skill level 6 in Ranged Weapons
  2902 | D:4      | Noticed Blork the orc
  2919 | D:4      | Killed Blork the orc
  3070 | D:4      | Identified the +7 longbow "Ytuec" {antimagic, Str+3}
  3072 | D:4      | 3072 ||| SWAPPING to +7 longbow "Ytuec" {antimagic, Str+3}.
  3073 | D:4      | 3073 ||| DROPPING +1 sling.
  3143 | D:4      | Noticed a sky beast
  3146 | D:4      | Killed a sky beast
  3147 | D:4      | Reached skill level 7 in Ranged Weapons
  3181 | D:4      | Reached XP level 7. HP: 59/59 MP: 2/7
  3437 | D:4      | Found an opulent altar of Gozag.
  3438 | D:4      | Found a basalt altar of Yredelemnul.
  3550 | D:4      | 3550 ||| UPGRADING to +2 hat.
  3555 | D:4      | 3555 ||| UPGRADING to +0 ring mail of willpower.
  3565 | D:4      | 3565 ||| DROPPING +0 ring mail.
  3566 | D:4      | 3566 ||| UPGRADING to ring of willpower.
  3567 | D:4      | 3567 ||| READING scroll labelled OFRORILILO.
  3568 | D:4      | 3568 ||| READING scroll labelled RUZIDU OMIDU.
  3569 | D:4      | 3569 ||| DRINKING 3 grey potions.
  3570 | D:4      | 3570 ||| READING 2 scrolls of identify.
  3570 | D:4      | 3570 ||| IDENTIFYING fuming coppery potion
  3571 | D:4      | 3571 ||| DROPPING potion of degeneration.
  3572 | D:4      | 3572 ||| DROPPING 2 potions of brilliance.
  3624 | D:5      | Entered Level 5 of the Dungeon
  3649 | D:5      | Found a glowing silver altar of Zin.
  3750 | D:5      | Reached skill level 8 in Ranged Weapons
  3929 | D:5      | Reached skill level 9 in Ranged Weapons
  3956 | D:5      | Reached skill level 3 in Dodging
  3956 | D:5      | Reached XP level 8. HP: 68/68 MP: 2/8
  4099 | D:5      | 4099 ||| UPGRADING to +0 pair of gloves.
  4104 | D:5      | 4104 ||| UPGRADING to ring of protection from fire.
  4105 | D:5      | 4105 ||| DRINKING 2 red potions.
  4106 | D:5      | 4106 ||| READING 7 scrolls of identify.
  4106 | D:5      | 4106 ||| IDENTIFYING glowing orange potion
  4107 | D:5      | 4107 ||| READING 6 scrolls of identify.
  4107 | D:5      | 4107 ||| IDENTIFYING bubbling blue potion
  4184 | D:6      | Noticed Eustachio
  4187 | D:6      | Killed Eustachio
  4188 | D:6      | Reached skill level 6 in Fighting
  4515 | D:6      | HP: 16/70 [gnoll/+0 halberd (6)]
  4516 | D:6      | 4516 ||| READING 4 scrolls of teleportation.
  4517 | D:6      | 4517 ||| DRINKING 2 potions of heal wounds.
  4693 | D:6      | Reached skill level 10 in Ranged Weapons
  4870 | D:6      | 4870 ||| UPGRADING to +3 ring mail.
  4880 | D:6      | 4880 ||| DROPPING +0 ring mail of willpower.
  4881 | D:6      | 4881 ||| READING scroll labelled CIHIW GINWOU.
  4882 | D:6      | 4882 ||| READING scroll labelled JIHICO ULISUATT.
  4923 | D:7      | Identified the ring of the Antique God {rPois rF- rC+ Str+3
                  | SInv}
  4932 | D:7      | Reached XP level 9. HP: 79/79 MP: 3/9
  4933 | D:7      | Found a flagged portal.
  5218 | D:7      | Found a staircase to the Ecumenical Temple.
  5219 | D:7      | 5219 ||| PLANNING TEMPLE
  5219 | D:7      | 5219 ||| UPGRADING to ring of the Antique God {rPois rF-
                  | rC+ Str+3 SInv}.
  5221 | D:7      | 5221 ||| UPGRADING to +4 ring of protection.
  5223 | D:7      | 5223 ||| READING scroll labelled GEIFUL VODUIDGH.
  5231 | Temple   | Entered the Ecumenical Temple
  5277 | Temple   | 5277 ||| PLANNING OKAWARU WORSHIP
  5340 | Temple   | Became a worshipper of Warmaster Okawaru
  5341 | Temple   | 5341 ||| PLANNING D:1-11
  5341 | Temple   | 5341 ||| REMOVING amulet of guardian spirit.
  5346 | Temple   | 5346 ||| DROPPING amulet of guardian spirit.
  5375 | D:7      | Reached skill level 11 in Ranged Weapons
  5420 | D:7      | Reached skill level 3 in Armour
  5636 | D:7      | 5636 ||| READING 6 scrolls of identify.
  5636 | D:7      | 5636 ||| IDENTIFYING smoky puce potion
  5637 | D:7      | 5637 ||| DROPPING potion of ambrosia.
  5700 | D:8      | Noticed a two-headed ogre
  5706 | D:8      | Killed a two-headed ogre
  5706 | D:8      | Reached * piety under Okawaru
  5707 | D:8      | Reached skill level 12 in Ranged Weapons
  5835 | D:8      | Found a staircase to the Lair.
  5850 | D:8      | Noticed an orange demon
  5852 | D:8      | Noticed Amaemon
  5853 | D:8      | 5853 ||| Stepping ~*~*~tactically~*~*~ (outnumbered).
  5855 | D:8      | 5855 ||| INVOKING Heroism.
  5867 | D:8      | Killed Amaemon
  5868 | D:8      | Killed an orange demon
  5868 | D:8      | Reached ** piety under Okawaru
  5869 | D:8      | Reached skill level 3 in Invocations
  5869 | D:8      | Reached XP level 10. HP: 48/86 MP: 2/11
  6005 | D:8      | 6005 ||| Stepping ~*~*~tactically~*~*~ (outnumbered).
  6067 | D:8      | 6067 ||| SWAPPING to +0 sling.
  6092 | D:8      | 6092 ||| FLEEEEING.
  6134 | D:8      | 6134 ||| READING scroll of enchant weapon.
  6134 | D:8      | 6134 ||| ENCHANTING +0 sling.
  6393 | D:8      | Found a runed translucent gate.
  6393 | D:8      | Found a runed translucent gate.
  6394 | D:8      | Found a runed translucent gate.
  6394 | D:8      | Noticed qw's ghost (novice GrHs)
  6396 | D:8      | Identified the +0 plate armour of Susias {Rampage Drain
                  | Str+4}
  6508 | D:8      | Found Budwoidgh's Armour Boutique.
  6515 | D:8      | 6515 ||| BUYING +0 pair of boots (63 gold).
  6515 | D:8      | Bought a +0 pair of boots for 63 gold pieces
  6561 | D:8      | Found a bloodstained altar of Trog.
  6701 | D:8      | 6701 ||| PLANNING LAIR
  6701 | D:8      | 6701 ||| UPGRADING to +0 pair of boots.
  6706 | D:8      | 6706 ||| DROPPING amulet of magic regeneration.
  6707 | D:8      | 6707 ||| DROPPING +6 ring of intelligence.
  6776 | Lair:1   | Entered Level 1 of the Lair of Beasts
  6783 | Lair:1   | 6783 ||| STAIRDANCE
  6785 | D:8      | 6785 ||| INVOKING Heroism.
  6793 | D:8      | HP: 14/88 [yak (12)]
  6794 | D:8      | 6794 ||| READING 3 scrolls of teleportation.
  6795 | D:8      | 6795 ||| DRINKING potion of heal wounds.
  7086 | D:8      | 7086 ||| INVOKING Heroism.
  7385 | Lair:1   | Found an ornate altar of the Wu Jian Council.
  7385 | Lair:1   | Noticed a boulder beetle
  7386 | Lair:1   | 7386 ||| INVOKING Heroism.
  7405 | Lair:1   | 7405 ||| INVOKING Heroism.
  7462 | Lair:1   | 7462 ||| INVOKING Heroism.
  7485 | Lair:1   | 7485 ||| INVOKING Heroism.
  7503 | Lair:1   | HP: 9/88 [boulder beetle (31)]
  7504 | Lair:1   | 7504 ||| READING 2 scrolls of teleportation.
  7504 | Lair:1   | Mangled by a boulder beetle

Levels and vault maps discovered:
D:1:      psy_arrival_dodecagon, layout_loops_ring, serial_shops, shop
D:2:      layout_loops_corners, feat_on_display
D:3:      layout_loops_corners, minitemple, minmay_close_crescents
D:4:      layout_basic, gammafunk_temple_overflow_statue, moated_statue,
          uniq_blork_the_orc
D:5:      layout_cave_pools, lemuel_round_altar
D:6:      layout_basic, uniq_eustachio
D:7:      layout_loops_cross, temple_green, enter_bailey_2
D:8:      nicolae_cairo_tiling_very_big, layout_basic, trog_hazing_becter,
          serial_shops, shop, biasface_ghost_orc_armoury, corner_web_ring,
          uniq_amaemon
Temple:   nicolae_temple_superstar
Lair:1:   layout_roguey, gammafunk_ghost_split, serial_bayou,
          serial_bayou_pond_d, serial_bayou_pond_d, serial_bayou_shore_a,
          serial_bayou_pond_a, nzn_masters_of_martial_movement

Skill      XL: |  1  2  3  4  5  6  7  8  9 10 |
---------------+-------------------------------+-----
Ranged Weapons | 3 4 5 7 9 10 12 | 12.7
Fighting       | 2 4 5 7 8 |  8.0
Armour         | 1 2 3 4 |  4.3
Dodging        | 3 5 |  5.2
Invocations    | 3 4 |  4.0
Spellcasting   | |  1.0
Hexes          | |  2.0

Action                     |  1- 3 |  4- 6 |  7- 9 | 10-12 || total
---------------------------+-------+-------+-------+-------++-------
   Fire: Sling             |   126 |   108 |       |   140 ||   374
         Longbow           |       |    19 |   175 |    28 ||   222
 Invoke: Heroism           |       |       |     1 |     6 ||     7
    Use: Scroll            |     8 |     2 |    10 |     3 ||    23
         Potion            |       |       |     3 |     1 ||     4
 Armour: Robe              |     2 |       |       |       ||     2
         Ring mail         |     8 |    21 |    31 |    53 ||   113
  Dodge: Dodged            |    34 |    46 |    57 |    44 ||   181

Table legend:
 A = Non-vault XP
 B = Vault XP
 C = Vault XP percentage of total XP
 D = Non-vault monster count
 E = Vault monster count
 F = Vault count percentage of total count
                 A         B        C        D         E       F
            +---------+---------+-------+---------+---------+-------
      Total |    5373 |    1564 |  22.5 |     169 |      13 |   7.1
            +---------+---------+-------+---------+---------+-------
        D:1 |      49 |       0 |   0.0 |      30 |       0 |   0.0
        D:2 |      37 |       0 |   0.0 |      14 |       0 |   0.0
        D:3 |     285 |       6 |   2.1 |      18 |       3 |  14.3
        D:4 |     386 |      94 |  19.6 |      27 |       1 |   3.6
        D:5 |     582 |       0 |   0.0 |      16 |       0 |   0.0
        D:6 |     864 |     211 |  19.6 |      25 |       1 |   3.8
        D:7 |    1128 |       0 |   0.0 |      16 |       0 |   0.0
        D:8 |    1864 |    1253 |  40.2 |      21 |       8 |  27.6
     Lair:1 |     178 |       0 |   0.0 |       2 |       0 |   0.0
            +---------+---------+-------+---------+---------+-------
